 Dungeon Crawl Stone Soup version 0.30-a0-691-g754fce4c43 (webtiles) character file.

Game seed: 15823728212427627754

313 Fenrisus the Shield-Bearer (level 6, -1/34 (49) HPs)
             Began as a Formicid Fighter on Jan 19, 2023.
             Was an Initiate of Gozag.
             Slain by Duvessa
             ... wielding a +4 rapier of draining
              (11 damage)
             ... on level 4 of the Dungeon.
             The game lasted 00:18:06 (3099 turns).

Fenrisus the Shield-Bearer (Formicid Fighter)       Turns: 3099, Time: 00:18:07

HP:   -1/34 (49)    AC:  9    Str: 28    XL:     6   Next: 71%
MP:   6/6           EV: 11    Int:  8    God:    Gozag
Gold: 214           SH:  5    Dex: 13    Spells: 5/5 levels left

rFire   + . .      SeeInvis +    k - +4 quarterstaff (chaos)
rCold   . . .      Faith    .    c - +0 buckler
rNeg    . . .      Spirit   .    h - +2 ring mail {rC+}
rPois   .          Reflect  .    (helmet unavailable)
rElec   .          Harm     .    j - +0 cloak
rCorr   .          Rampage  .    (no gloves)
Will    .....                    (no boots)
Stlth   +                        (no amulet)
HPRegen 0.25/turn                o - +6 ring of strength
MPRegen 0.10/turn                m - ring of fire

@: very heavily drained
A: permanent stasis, dig shafts and tunnels, antennae 3, four strong arms
a: Dig, Shaft Self, Renounce Religion, Potion Petition, Call Merchant, Bribe
Branch


You were on level 4 of the Dungeon.
You worshipped Gozag.
Gozag was aware of your devotion.
You visited 1 branch of the dungeon, and saw 4 of its levels.

You collected 256 gold pieces.
You paid 42 gold pieces to Gozag.

Inventory:

Hand Weapons
 a - a +0 flail
 k - a +4 quarterstaff of chaos (weapon)
 q - a +0 hammer
Armour
 b - a +0 scale mail
 c - a +0 buckler (worn)
 h - a +2 ring mail of cold resistance (worn)
 j - a +0 cloak (worn)
 n - the +1 robe of the Demon Prince {rC- Will+ Str+5}
   (You found it on level 2 of the Dungeon)

   Str:       It affects your strength (+5).
   rC:        It makes you vulnerable to cold.
   Will:      It increases your willpower.
Jewellery
 m - a ring of fire (right hand)
 o - a +6 ring of strength (left hand)
Scrolls
 p - a scroll of noise
Potions
 e - 2 potions of lignification
 f - a potion of haste (quivered)
 l - 3 potions of brilliance


   Skills:
 + Level 4.6 Fighting
 - Level 3.2(3.3) Maces & Flails
 + Level 0.9(2.2) Staves
 + Level 4.6 Armour
 + Level 1.5 Dodging
 + Level 5.5 Shields


You had 5 spell levels left.
You didn't know any spells.
Your spell library contained the following spells:

 Spells                   Type           Power      Damage    Failure   Level
 Ensorcelled Hibernation  Hex/Ice        0%         N/A       75%         2
 Passwall                 Tmut/Erth      0%         N/A       75%         2
 Manifold Assault         Tloc           0%         N/A       100%        4
 Storm Form               Tmut/Air       0%         N/A       100%        7
 Blink                    Tloc           Unusable   N/A       N/A         2
 Swiftness                Air            Unusable   N/A       N/A         3

Dungeon Overview and Level Annotations

Branches:
Dungeon (4/15)
 Temple: D:4-7

Altars:
Ashenzari
Fedhas
Gozag
Makhleb
Qazlal
Ru
Sif Muna
Trog
Uskayaw
Yredelemnul
Zin
The Shining One

Annotations:
D:4 Dowan, Duvessa


Innate Abilities, Weirdness & Mutations

You cannot be hasted, slowed, berserked, paralysed or teleported.
You can dig through walls and to a lower floor.
You have a pair of large antennae on your head. (SInv)
Your four strong arms can wield two-handed weapons with a shield.


Message History

Duvessa hits you with a +4 rapier of draining.
You feel drained.
Dowan casts a spell.
Dowan blinks!
You barely miss Duvessa.
Duvessa is lightly wounded.
Duvessa closely misses you.
You completely miss Duvessa.
Duvessa is lightly wounded.
Duvessa misses you. Duvessa closely misses you.
Dowan hits you but does no damage.
You hit Duvessa.
Flame seeps out of Duvessa.
Space warps around Duvessa.
Flame seeps out of Duvessa.
Duvessa is heavily wounded.
You block Duvessa's attack. Dowan hits you with a +0 dagger.
Duvessa hits you with a +4 rapier of draining.
You feel drained.
You hit Duvessa but do no damage.
Duvessa is heavily wounded.
Duvessa is engulfed in blazing flames.
Flame seeps out of Duvessa.
Duvessa hits you but does no damage.
You feel drained. Dowan hits you but does no damage.
Duvessa is engulfed in blazing flames.
Flame seeps out of Duvessa.
Duvessa hits you with a +4 rapier of draining.
* * * LOW HITPOINT WARNING * * *
You feel drained.
You hit Duvessa.
Flame seeps out of Duvessa.
Duvessa is severely wounded.
Duvessa is engulfed in blazing flames.
Flame seeps out of Duvessa.
You block Duvessa's attack. Dowan completely misses you.
Duvessa barely misses you.
Dowan points at you and mumbles some strange words.
The puff of flame misses you.
The puff of flame hits Duvessa but does no damage.
You hit Duvessa.
Flame seeps out of Duvessa.
Duvessa seems to grow stronger.
Duvessa is almost dead.
Duvessa is engulfed in blazing flames.
Flame seeps out of Duvessa.
Duvessa hits you with a +4 rapier of draining!
You die...
Your body crumbles into a pile of gold.

#.# #.# ##.......
#.# #.# ######..
##### #.# #.# ###
#...########.# #.#
#.#..........###.#
{
#..<#####........#
##.## #....###.#
#)# #.##e# #.# #.#
#.##@###.## #.#
#.##e##.(.##$ { {{
#.# #.##....#..# {
#.# #.#####...## {
#.# #.# ##.## $
#.## ##.# #.# #..#
#..# #.# { ##.#
#..# #.. { #.#
#.## #e# {


You could see Duvessa (fast, inner flame, strong, agile, resistant) and Dowan
(inner flame).

Vanquished Creatures
  A hound (D:3)
  Crazy Yiuf (D:3)
  An iguana (D:4)
  2 orc wizards (D:3)
  Robin (D:3)
  3 gnolls (D:3)
  3 adders
  An ufetubus (D:4)
  4 worms
  2 dart slugs
  5 orcs (D:3)
  2 ball pythons
  6 bats
  10 endoplasms
  A giant cockroach (D:2)
  4 hobgoblins
  8 jackals (D:1)
  4 quokkas (D:1)
  7 frilled lizards
  17 goblins
  5 kobolds
  A rat (D:3)
89 creatures vanquished.

Vanquished Creatures (others)
  A plant (D:1)
1 creature vanquished.

Grand Total: 90 creatures vanquished

Notes
Turn   | Place    | Note
-------+----------+-------------------------------------------
     0 | D:1      | Fenrisus the Formicid Fighter began the quest for the Orb.
     0 | D:1      | Reached XP level 1. HP: 18/18 MP: 1/1
    42 | D:1      | Reached XP level 2. HP: 20/24 MP: 2/2
   278 | D:1      | Reached XP level 3. HP: 29/29 MP: 3/3
   921 | D:2      | Reached XP level 4. HP: 36/37 MP: 4/4
  1014 | D:2      | Identified the +1 robe of the Demon Prince {rC- Will+
                  | Str+5}
  1726 | D:3      | Noticed Robin
  1734 | D:3      | Killed Robin
  1740 | D:3      | Reached XP level 5. HP: 40/42 MP: 5/5
  1761 | D:3      | Reached skill level 5 in Shields
  1888 | D:3      | Reached skill level 1 in Dodging
  1900 | D:3      | Found a blossoming altar of Fedhas.
  1900 | D:3      | Found a basalt altar of Yredelemnul.
  1901 | D:3      | Found a broken altar of Ashenzari.
  1903 | D:3      | Found a burning altar of Makhleb.
  1904 | D:3      | Found a bloodstained altar of Trog.
  1904 | D:3      | Found a glowing silver altar of Zin.
  1905 | D:3      | Found a glowing golden altar of the Shining One.
  1905 | D:3      | Found a shimmering blue altar of Sif Muna.
  1905 | D:3      | Found an opulent altar of Gozag.
  1908 | D:3      | Found a hide-covered altar of Uskayaw.
  1908 | D:3      | Found a sacrificial altar of Ru.
  1908 | D:3      | Found a stormy altar of Qazlal.
  1952 | D:3      | Became a worshipper of Gozag Ym Sagoz the Greedy
  2480 | D:3      | Found a runed translucent door.
  2481 | D:3      | Noticed Crazy Yiuf
  2491 | D:3      | Killed Crazy Yiuf
  2492 | D:3      | Reached XP level 6. HP: 19/49 MP: 6/6
  2891 | D:4      | Noticed Dowan
  3074 | D:4      | Noticed Duvessa
  3099 | D:4      | Slain by Duvessa

Illustrated notes

Levels and vault maps discovered:
D:1:      wander_arrival_lonely_grave, layout_basic, serial_forest,
          infiniplex_forest_lined_4_way, infiniplex_forest_clump_small,
          infiniplex_forest_clump_C, infiniplex_forest_zigzag_1,
          infiniplex_forest_diagonal, infiniplex_forest_clump_tiny,
          minmay_tiny_reverse_x
D:2:      layout_loops_ring, minmay_misc_feat_ornament,
          kennysheep_generic_room_2
D:3:      layout_loops_cross, nicolae_overflows_in_rows,
          hangedman_decor_diamond_cutter, minmay_cupped, uniq_robin,
          uniq_crazy_yiuf_cottage
D:4:      minmay_bubble_buster, layout_loops_ring, minmay_temple_entry_grid,
          minmay_misc_feat_more_columns, uniq_eustachio, uniq_duvessa

Skill      XL: |  1  2  3  4  5 |
---------------+----------------+-----
Fighting       | 4 |  4.6
Armour         | 4 |  4.6
Shields        | 5 |  5.5
Maces & Flails | 3 |  3.2
Dodging        | 1 |  1.5
Staves         | |  0.9

Action                   |  1- 3 |  4- 6 || total
-------------------------+-------+-------++-------
Melee: Flail             |   101 |   116 ||   217
       Quarterstaff      |       |    49 ||    49
  Use: Scroll            |     4 |     8 ||    12
       Potion            |       |     2 ||     2
Armor: Scale mail        |    34 |       ||    34
       Ring mail         |     5 |    69 ||    74
Dodge: Dodged            |    41 |    95 ||   136
Block: Buckler           |    21 |    43 ||    64

Table legend: (Time is in decaauts)
 A = Elapsed time spent in this place.
 B = Non-inter-level travel time spent in this place.
 C = Inter-level travel time spent in this place.
 D = Time resting spent in this place.
 E = Time spent auto-exploring this place.
 F = Levels seen in this place.
 G = Mean time per level.
                   A        B        C        D        E       F      G
               +--------+--------+--------+--------+--------+-----+--------+
         Total |   3171 |   1205 |   1966 |    498 |      0 |   4 |  792.8 |
       Dungeon |   3171 |   1205 |   1966 |    498 |      0 |   4 |  792.8 |
               +--------+--------+--------+--------+--------+-----+--------+

Top non-repeatable levels by time:
     D:3: 1141 daAuts
     D:2: 1120 daAuts
     D:1: 643 daAuts
     D:4: 265 daAuts
